 Dungeon Crawl Stone Soup version 0.31.0-11-ge490571c62 (webtiles) character file.

Game seed: 9242064779479932313

1422906 Ruich the Conqueror (level 27, 289/290 HPs)
             Began as an Oni Gladiator on Jan 30, 2024.
             Was a High Priest of Hepliaklqana.
             Escaped with the Orb
             ... and 3 runes on Jan 31, 2024!
             The game lasted 07:56:36 (100115 turns).

Ruich the Conqueror (Oni Gladiator)               Turns: 100115, Time: 07:56:36

Health: 289/290    AC: 30    Str: 30    XL:     27
Magic:  36/36      EV:  7    Int:  9    God:    Hepliaklqana [*****.]
Gold:   2257       SH: 26    Dex: 12    Spells: 22/32 levels left

rFire   + + +        l - +9 demon whip (flame)
rCold   + . .        A - +8 tower shield {rF+}
rNeg    + . .        y - +2 gold dragon scales
rPois   +            v - +2 hat
rElec   +            s - +4 cloak of Negation {rElec rN+ Str-4}
rCorr   .            (gloves unavailable)
SInv    .            (boots unavailable)
Will    ++++.        V - amulet "Zakhappe" {Acrobat rF+ Regen+} Stlth
                     W - ring of willpower
HPRegen 1.48/turn    w - ring of willpower
MPRegen 0.25/turn

%: acrobat
@: hasted, studying 2 skills, very quick
A: reduced essence, large, unfitting armour, horns 1, tough skin 1, double
potion healing, drunken brawling
0: Orb of Zot
}: 3/15 runes: serpentine, barnacled, silver
a: Renounce Religion, Recall Ancestor, Ancestor Identity, Transference, Idealise


You escaped.
You worshipped Hepliaklqana.
Hepliaklqana was extremely pleased with you.
You visited 9 branches of the dungeon, and saw 47 of its levels.
You visited 1 bazaar.
You also visited: Trove and Wizlab.

You collected 7843 gold pieces.
You spent 5586 gold pieces at shops.


Innate Abilities, Weirdness & Mutations

Your life essence is reduced to manifest your ancestor. (-10% HP)
You are too large for most types of armour.
You have a pair of small horns on your head.
You have tough skin. (AC +1)
You gain doubled healing and magic from potions.
Whenever you drink a healing potion, you attack all around you.


   Skills:
 O Level 27 Fighting
 - Level 22.0 Maces & Flails
 - Level 22.0 Throwing
 - Level 15.0 Armour
 - Level 11.7 Dodging
 + Level 11.9 Stealth
 - Level 15.0 Shields
 - Level 3.2 Spellcasting
 - Level 6.1 Hexes
 - Level 4.1 Translocations
 - Level 8.1 Ice Magic
 - Level 19.6 Invocations


You had 22 spell levels left.
You knew the following spells:

 Your Spells              Type           Power      Damage    Failure   Level
f - Frozen Ramparts       Ice            32%        1d5       71%         3
o - Ozocubu's Armour      Ice            16%        N/A       71%         3
X - Dimensional Bullseye  Hex/Tloc       5%         N/A       100%        4

Your spell library contained the following spells:

 Spells                   Type           Power      Damage    Failure   Level
 Freeze                   Ice            64%        1d7       34%         1
 Slow                     Hex            48%        N/A       61%         1
 Ensorcelled Hibernation  Hex/Ice        28%        N/A       61%         2
 Jinxbite                 Hex            24%        N/A       75%         2
 Confusing Touch          Hex            12%        N/A       93%         3
 Sigil of Binding         Hex            12%        N/A       93%         3
 Blink                    Tloc           16%        N/A       95%         2
 Hailstorm                Conj/Ice       8%         3d5       99%         3
 Summon Ice Beast         Ice/Summ       8%         N/A       99%         3
 Magic Dart               Conj           4%         1d3       100%        1
 Sandblast                Erth           2%         2d4       100%        1
 Shock                    Conj/Air       4%         1d3       100%        1
 Summon Small Mammal      Summ           4%         N/A       100%        1
 Call Imp                 Summ           2%         N/A       100%        2
 Sublimation of Blood     Necr           1%         N/A       100%        2
 Call Canine Familiar     Summ           1%         N/A       100%        3
 Dazzling Flash           Conj/Hex       12%        N/A       100%        3
 Fugue of the Fallen      Necr           1%         N/A       100%        3
 Inner Flame              Hex/Fire       6%         N/A       100%        3
 Mephitic Cloud           Conj/Alch/Air  1%         N/A       100%        3
 Passwall                 Erth           1%         N/A       100%        3
 Stone Arrow              Conj/Erth      2%         3d7       100%        3
 Swiftness                Air            1%         N/A       100%        3
 Vampiric Draining        Necr           1%         2d6       100%        3
 Volatile Blastmotes      Fire/Tloc      10%        2d10      100%        3
 Airstrike                Air            0%         2d(1-17)  100%        4
 Anguish                  Hex/Necr       3%         N/A       100%        4
 Animate Armour           Summ/Erth      2%         N/A       100%        4
 Animate Dead             Necr           1%         N/A       100%        4
 Brom's Barrelling Bould  Conj/Erth      1%         2d3       100%        4
 Cause Fear               Hex            6%         N/A       100%        4
 Dispel Undead            Necr           1%         3d6       100%        4
 Flame Wave               Conj/Fire      1%         2d4       100%        4
 Fulminant Prism          Conj/Alch      0%         3d5       100%        4
 Iskenderun's Mystic Bla  Conj/Tloc      5%         2d3       100%        4
 Leda's Liquefaction      Alch/Erth      0%         N/A       100%        4
 Manifold Assault         Tloc           8%         N/A       100%        4
 Martyr's Knell           Necr/Summ      1%         N/A       100%        4
 Olgreb's Toxic Radiance  Alch           1%         N/A       100%        4
 Passage of Golubria      Tloc           8%         N/A       100%        4
 Petrify                  Alch/Erth      1%         N/A       100%        4
 Sticky Flame             Fire/Alch      1%         2d4       100%        4
 Summon Blazeheart Golem  Fire/Summ      1%         N/A       100%        4
 Vhi's Electric Charge    Tloc/Air       10%        N/A       100%        4
 Arcjolt                  Conj/Air       0%         1d10      100%        5
 Borgnjor's Vile Clutch   Necr/Erth      0%         N/A       100%        5
 Curse of Agony           Necr           1%         N/A       100%        5
 Fireball                 Conj/Fire      0%         3d3       100%        5
 Irradiate                Conj/Alch      0%         3d11      100%        5
 Lee's Rapid Deconstruct  Erth           0%         3d4*      100%        5
 Metabolic Englaciation   Hex/Ice        7%         N/A       100%        5
 Silence                  Hex/Air        3%         N/A       100%        5
 Summon Forest            Summ/Tloc      2%         N/A       100%        5
 Yara's Violent Unravell  Hex/Alch       3%         3d4       100%        5
 Bombard                  Conj/Erth      0%         9d1       100%        6
 Conjure Ball Lightning   Conj/Air       0%         3x3d6     100%        6
 Death Channel            Necr           0%         N/A       100%        6
 Plasma Beam              Fire/Air       0%         2x1d10    100%        6
 Sculpt Simulacrum        Ice/Alch       4%         N/A       100%        6
 Enfeeble                 Hex            6%         N/A       100%        7
 Malign Gateway           Summ/Tloc      2%         N/A       100%        7
 Monstrous Menagerie      Summ           0%         N/A       100%        7
 Ozocubu's Refrigeration  Ice            8%         4d9       100%        7
 Discord                  Hex            6%         N/A       100%        8
 Disjunction              Tloc           4%         N/A       100%        8
 Ignition                 Fire           0%         3d3       100%        8
 Lehudib's Crystal Spear  Conj/Erth      0%         10d2      100%        8
 Dragon's Call            Summ           0%         N/A       100%        9

Inventory:

Hand Weapons
 l - a +9 demon whip of flaming (weapon)
 u - a +0 heavy giant spiked club
 P - a +2 demon whip of protection
Missiles
 g - 3 datura-tipped darts
 o - 13 atropa-tipped darts
 p - 6 throwing nets {=f}
 E - 11 curare-tipped darts {=f}
 L - 8 poisoned darts
 N - 68 large rocks (quivered) {=f}
 Q - 41 boomerangs
 Y - 6 silver javelins
Armour
 s - the +4 cloak of Negation (worn) {rElec rN+ Str-4}
   (You found it on level 2 of the Shoals)

   Str-4:     It affects your strength (-4).
   rElec:     It insulates you from electricity.
   rN+:       It protects you from negative energy.
 v - a +2 hat (worn)
 y - +2 gold dragon scales (worn)
 A - a +8 tower shield of fire resistance (worn)
Jewellery
 w - a ring of willpower (right hand)
 C - a ring of protection from cold
 F - a ring of protection from fire
 G - the ring "Uptam" {rC+ Str+4 Int+3 Dex+6}
   (You took it off a frost giant on level 5 of the Vaults)

   [ring of dexterity]

   Str+4:     It affects your strength (+4).
   Int+3:     It affects your intelligence (+3).
   Dex+6:     It affects your dexterity (+6).
   rC+:       It protects you from cold.
 R - the ring "Onyfoag" {*Slow Fly Will+ rCorr Str-4}
   (You took it off a deep elf elementalist on level 3 of the Elven Halls)

   [ring of willpower]

   Str-4:     It affects your strength (-4).
   Will+:     It increases your willpower.
   Fly:       It grants you flight.
   rCorr:     It protects you from acid and corrosion.
   *Slow:     It may slow you when you take damage.
 V - the amulet "Zakhappe" (around neck) {Acrobat rF+ Regen+}
   (You bought it in a shop on level 2 of the Snake Pit)

   [amulet of the acrobat]

   Acrobat:   It increases your evasion while moving and waiting.
   rF+:       It protects you from fire.
   Regen+:    It increases your rate of health regeneration.
 W - a ring of willpower (left hand)
Wands
 b - a wand of iceblast (15)
 t - a wand of digging (14)
Scrolls
 a - 4 scrolls of summoning
 c - 18 scrolls of fog
 d - a scroll of blinking
 h - 5 scrolls of vulnerability
 r - 23 scrolls of teleportation {@r2}
 D - 3 scrolls of fear
 J - 3 scrolls of silence {!r}
 M - 6 scrolls of immolation
 O - 9 scrolls of enchant weapon
 T - 4 scrolls of revelation
 X - 11 scrolls of poison
Potions
 e - 2 potions of berserk rage {!q}
 f - 4 potions of ambrosia
 i - 4 potions of haste {@q3}
 j - 4 potions of mutation
 k - 7 potions of lignification
 m - 10 potions of attraction
 n - 21 potions of curing {@q1}
 q - 11 potions of enlightenment
 z - 5 potions of resistance
 B - 6 potions of cancellation
 H - 3 potions of magic
 K - 10 potions of brilliance
 S - 6 potions of might
 U - 4 potions of heal wounds {@q2}
 Z - 3 potions of invisibility

Dungeon Overview and Level Annotations

Branches:
Dungeon (15/15)            Temple (0/1) D:7            Lair (5/5) D:10
 Shoals (4/4) Lair:2        Snake (4/4) Lair:3        Slime (0/5) Lair:5
    Orc (2/2) D:10            Elf (3/3) Orc:2        Vaults (5/5) D:13
  Crypt (0/3) Vaults:2     Depths (4/4) D:15            Zot (5/5) Depths:4
 WizLab (visited)

Altars:
Ashenzari
Dithmenos
Gozag
Hepliaklqana
Okawaru
Qazlal
Ru
Sif Muna
Trog
Wu Jian
The Shining One
Jiyva
Lugonu

Shops:
D:1 (   D:3 *   D:6 *   D:7 (   Orc:2 (?=[   Elf:2 (   Snake:2 *[=*
Vaults:1 ([![*   Vaults:3 (   Vaults:4 [   Vaults:5 !?   Depths:4 (

Portals:
Hell: Depths:1 Depths:2 Depths:3 Depths:4
Abyss: Depths:2 Depths:3
Pandemonium: Depths:2
Ziggurat: Depths:1

Annotations:
D:15 3 runed translucent doors, exclusion: 3 doors, Gerimuc's ghost, journeyman SpEn
Lair:3 exclusion: oklob plant
Elf:2 3 runed translucent doors, exclusion: 3 doors
Depths:4 2 transporters, Eugor's ghost, legendary DECj

#.......##
#..>.....
#####......##
#######..#
###.........##
#.....##.)
........###.#
#.###..R.#
........# #.#
#....###.#
........###.######
###.##.....#
........+....♣P#P##
#.......##.#
........#~~~..♣P#.♣
#.#.###.....
...^....##~.....@♣#
#...# #....#
........#~~~..♣P#.♣
###.# #....)
........'....♣P#P##
###.###.....
...###############
#........... ...#
###........# ####
###.......
###...#..#
#........# #
###......#


There were no monsters in sight!


Message History

There is a stone staircase leading up here.
You climb upwards.
There is a stone staircase leading down here.
Unknown command.
You savour every drop.
You feel much better.
Unknown command.
Aiming: Dig
Press: ? - help, Shift-Dir - straight line A rock wall.
This square is covered in magical glow.
The rock shatters into small pieces.
Unknown command.
You feel yourself speed up.
Unknown command.
You see here a +0 club.
Aiming: Dig
Press: ? - help, Shift-Dir - straight line A rock wall.
This square is covered in magical glow.
The rock shatters into small pieces.
Unknown command.
You see here a +0 short sword.
Aiming: Dig
Press: ? - help, Shift-Dir - straight line A rock wall.
This square is covered in magical glow.
The rock shatters into small pieces.
Unknown command.
There is a staircase leading out of the dungeon here.
You have escaped!

Skill      XL: |  1  2  3  4  5  6  7  8  9 10 11 12 13 14 15 16 17 18 19 20 21 22 23 24 25 26 27 |
---------------+----------------------------------------------------------------------------------+-----
Fighting       | 3 4 5 6 7 8 10 11 13 15 17 18 19 20 21 23 24 27 | 27.0
Throwing       | 3 4 5 6 7 8 9 11 12 16 17 20 22 | 22.0
Maces & Flails | 4 5 6 8 10 13 15 16 20 22 | 22.0
Dodging        | 3 5 6 7 8 10 11 | 11.7
Ice Magic      | 7 8 |  8.1
Shields        | 4 6 10 11 12 14 15 | 15.0
Invocations    | 2 7 12 19 | 19.6
Armour         | 2 6 7 10 11 13 15 | 15.0
Stealth        | 2 5 11 | 11.9
Spellcasting   | 3 |  3.2
Hexes          | 6 |  6.1
Translocations | 4 |  4.1

Action                     |  1- 3 |  4- 6 |  7- 9 | 10-12 | 13-15 | 16-18 | 19-21 | 22-24 | 25-27 || total
---------------------------+-------+-------+-------+-------+-------+-------+-------+-------+-------++-------
  Melee: Flail             |    56 |       |       |       |       |       |       |       |       ||    56
         Headbutt          |     7 |    16 |    44 |    66 |   214 |   184 |   441 |   308 |   173 ||  1453
         Punch             |     1 |     1 |     2 |       |       |       |       |       |       ||     4
         Whip              |    18 |    87 |   229 |    17 |       |       |       |       |       ||   351
         Morningstar       |       |       |       |   272 |   726 |   755 |  1306 |   458 |       ||  3517
         Demon whip        |       |       |       |       |       |       |       |   455 |   482 ||   937
  Throw: Stone             |     8 |    14 |    21 |       |       |       |       |       |       ||    43
         Throwing net      |       |     1 |     2 |       |     3 |     3 |     6 |       |       ||    15
         Large rock        |       |     1 |     2 |     3 |    47 |    49 |   123 |   466 |   583 ||  1274
         Dart              |       |       |    33 |       |       |       |       |     5 |       ||    38
         Boomerang         |       |       |       |    26 |    35 |       |    49 |    18 |       ||   128
         Javelin           |       |       |       |       |       |       |     2 |       |    45 ||    47
   Cast: Ozocubu's Armour  |       |       |       |    17 |    25 |    29 |     3 |       |       ||    74
         Frozen Ramparts   |       |       |       |       |     9 |    23 |       |       |       ||    32
 Invoke: Ancestor Life: He |       |     1 |       |       |       |       |       |       |       ||     1
         Recall Ancestor   |       |       |     1 |       |     1 |     1 |     6 |     6 |     5 ||    20
         Idealise          |       |       |       |       |       |     1 |     2 |     3 |    12 ||    18
         Transference      |       |       |       |       |       |       |       |       |     3 ||     3
  Evoke: Wand              |       |       |     7 |     2 |       |     1 |       |     6 |     6 ||    22
    Use: Scroll            |       |     3 |    12 |    11 |     6 |     4 |    13 |     4 |    14 ||    67
         Potion            |       |       |     1 |     3 |     7 |     6 |    10 |     3 |     9 ||    39
   Stab: Distracted        |       |     1 |     2 |     6 |     7 |     7 |    15 |    12 |     5 ||    55
         Confused          |       |     2 |     7 |     6 |    13 |     6 |    57 |    40 |    17 ||   148
         Sleeping          |       |     1 |       |       |       |       |    10 |     6 |       ||    17
         Paralysed         |       |       |       |       |    27 |    43 |   152 |    67 |    23 ||   312
         Held in net/web   |       |       |       |       |       |       |     2 |       |       ||     2
 Armour: Robe              |    39 |    52 |   142 |   284 |   474 |   431 |   203 |       |       ||  1625
         Ice dragon scales |       |       |       |       |       |       |   139 |       |       ||   139
         Shadow dragon sca |       |       |       |       |       |       |   202 |   345 |    59 ||   606
         Gold dragon scale |       |       |       |       |       |       |       |       |   309 ||   309
  Dodge: Dodged            |    26 |    33 |   109 |   102 |   232 |   289 |   208 |    93 |    68 ||  1160
  Block: Kite shield       |       |       |       |   127 |   304 |   606 |     6 |       |       ||  1043
         Reflection        |       |       |       |       |    31 |    85 |    59 |    63 |    26 ||   264
         Tower shield      |       |       |       |       |       |       |  1180 |   819 |   513 ||  2512

Levels and vault maps discovered:
D:1:      tarquinn_simple_flora_water_d, layout_basic,
          shapermc_ecumenical_altar_acropolis, serial_shops,
          nicolae_shop_pleasant_corner_grove, serial_park_tiny_1
D:2:      layout_basic
D:3:      layout_rooms, serial_shops, nicolae_shop_rolling_square
D:4:      layout_cave_pools, gammafunk_temple_overflow_elements,
          kennysheep_nondescript, due_unseen_surprise, uniq_duvessa
D:5:      layout_loops_ring, dk_vineyard_2
D:6:      layout_basic, serial_shops, nicolae_shop_rolling_square,
          minmay_fractal_squares_gapless_5
D:7:      dreamdust_elfheim, layout_layer_cave, mainiacjoe_overflow_paths,
          minmay_temple_entry_arrows, serial_shops, kennysheep_little_box
D:8:      layout_gridville, tso_oasis_becter
D:9:      layout_basic
D:10:     layout_grid_maze, lair_entry_dummy, orc_0_dummy, minmay_ruined_shrine
D:11:     layout_roguey
D:12:     layout_roguey
D:13:     layout_roguey, david_vaults_2, uniq_frances
D:14:     layout_cave_pools, kennysheep_donut, uniq_jorgrun, uniq_snorg
D:15:     grunt_enter_depths_snipers, layout_long_grid, gammafunk_ghost_spectres
Lair:1:   dreamdust_cave_troll, layout_hall_layers
Lair:2:   layout_regular_city, minmay_shoals_entry_beasts, grunt_megastairs_2,
          infiniplex_staircase_pool_2
Lair:3:   layout_chaotic_city, minmay_snake_entry_guardpost_small,
          lemuel_oklob_altar, infiniplex_staircase_pool, lemuel_fruit_tree,
          lemuel_fruit_fields, serial_bayou_shore_b
Lair:4:   layout_hall_layers
Lair:5:   due_jungle_book, layout_regular_city, slime_entry_1, basic_altar
Shoals:1: layout_shoals, uniq_mlioglotl
Shoals:2: layout_shoals
Shoals:3: layout_shoals, nicolae_shoals_pincushion_passage
Shoals:4: shoals_end_hellmonk_storm_palace [storm_palace_center_circular,
          storm_palace_corner_altar, storm_palace_corner_pillars,
          storm_palace_corner_blocked, storm_palace_corner_reverse_hut]
Snake:1:  layout_layer_cave, serial_bayou_crossing
Snake:2:  nicolae_snake_hallway, layout_gridlike, minmay_shoptagon,
          grunt_megastairs_5, uniq_agnes
Snake:3:  layout_rooms, uniq_vashnia, uniq_aizul, uniq_nikola
Snake:4:  grunt_snake_rune_serpentine_throne, layout_gridlike,
          grunt_megastairs_1
Orc:1:    layout_diamond_mine, nicolae_orc_damp_corner
Orc:2:    st_orc_open, layout_diamond_mine, uniq_donald
Elf:1:    minmay_the_grid_octo_tiled_octocenter [minmay_the_grid_octo_teeth,
          minmay_the_grid_octo_pinwheel, minmay_the_grid_octo_thin_diamonds,
          minmay_the_grid_octo_fat_diamond,
          minmay_the_grid_octo_prize_single_spiral,
          minmay_the_grid_square_5x5_seven,
          minmay_the_grid_square_5x5_sharp_hourglass,
          minmay_the_grid_square_5x5_longway,
          minmay_the_grid_square_5x5_three_walls], layout_geoelf_diagonals,
          minmay_elf_demonology, hex_intersection
Elf:2:    nicolae_elf_blades_splatter_lattice [grunt_blade_entry_basic],
          layout_geoelf_grid, serial_shops, bzr_entry_dummy, shop
Elf:3:    elf_hall, layout_geoelf_octagon
Vaults:1: nicolae_vaults_disjoint_gnomons, nicolae_vaults_storage_room_water,
          nicolae_vaults_six-pack, vaults_dpeg_hooks,
          nicolae_vaults_surprise_closet_hard, nicolae_vaults_apartment_2,
          nicolae_vaults_more_shelving_1, nicolae_vaults_alarming,
          vaults_dpeg_diagonal, v_alt_pattern_4, nicolae_vaults_house_3,
          vaults_room_stairs_pillars, vaults_room_grid, hangedman_vaults_slice,
          v_misc_16, v_misc_33, nicolae_vaults_trapezoid_lopsided_4,
          layout_vaults_maze_bifur, enter_trove_6, serial_shops, shop, shop,
          nicolae_shop_tiny_waterfront, nicolae_shop_advertising_works
          [nicolae_subvault_shop_adworks], nicolae_shop_waterfront
Vaults:2: mu_enter_wizlab_2, minmay_crypt_entry_simple_walls,
          nicolae_vaults_bisected_slash, st_lattice, hangedman_vaults_trim,
          nicolae_vaults_frosty_reception,
          nicolae_vaults_windows_and_doors_thing, vaults_room_door_ring,
          nicolae_vaults_tangram_1, v_pattern_4, v_misc_5, layout_vaults_ring
Vaults:3: nicolae_vaults_what_the_h, ontoclasm_vaults_gallery,
          hangedman_vaults_snaps, v_misc_10, nicolae_vaults_network_star,
          vaults_mumra_minichess, v_misc_17, nicolae_vaults_house_2, v_misc_24,
          nicolae_vaults_mini_display_case, layout_vaults_big_room,
          serial_shops, nicolae_lakefront_shop
Vaults:4: dpeg_vaults_hating_casters, nicolae_vaults_shrinking_rooms_2,
          nicolae_vaults_wrenched, vaults_dpeg_encased_lava,
          nicolae_vaults_taking_the_gang_shopping, nicolae_vaults_trapezoid_2,
          hangedman_vaults_impose, hangedman_vaults_trim,
          nicolae_vaults_sesquioval_fish, hangedman_vaults_slice,
          nicolae_vaults_trapezoid_lopsided_3, vaults_room_pool,
          vaults_room_ringed_pool, nicolae_vaults_gold_heap, v_misc_25,
          layout_vaults_omnicross
Vaults:5
Depths:1: layout_roguey, enter_ziggurat_e, hell_entry, drop_trap,
          nicolae_gozag_seed_capital
Depths:2: cheibrodos_hall_of_evolution, layout_cave_pools,
          nicolae_abyss_entry_one_way_or_another, pan_entry,
          hangedman_coc_ice_floe, hellmonk_okawaru_the_only_friend_you_need,
          minmay_staircase_statues
Depths:3: dreamdust_cat_pyramid, layout_honeycomb, corexii_leaking_fountain,
          abyss_entry_flame_altar, hell_entry
Depths:4: evilmike_zot_entry_hall, layout_gridlike, minmay_misc_feat_cross,
          gammafunk_ghost_arena, lightli_too_deep,
          nicolae_ru_sacrificial_ziggurat, minmay_shop_star
Zot:1:    layout_cathedral_of_symmetry
Zot:2:    layout_gridlike, grunt_ministairs_12
Zot:3:    layout_concentric_octagons, hangedman_zot_wheel_spokes,
          hangedman_player_shredder, uniq_tiamat
Zot:4:    layout_misc_corridors, grunt_ministairs_10,
          regret_index_zotdec_banners
Zot:5:    layout_basic

Notes
Turn   | Place    | Note
-------+----------+-------------------------------------------
     0 | D:1      | Ruich the Oni Gladiator began the quest for the Orb.
     0 | D:1      | Reached XP level 1. HP: 22/22 MP: 1/1
   129 | D:1      | Reached skill level 3 in Fighting
   132 | D:1      | Reached XP level 2. HP: 31/31 MP: 2/2
   295 | D:1      | Found Joot's Weapon Shoppe.
   324 | D:1      | Reached XP level 3. HP: 35/37 MP: 3/3
   505 | D:1      | Found a faded altar of an unknown god.
   511 | D:1      | Prayed at the altar of an unknown god.
   511 | D:1      | Became a worshipper of Hepliaklqana the Forgotten
   511 | D:1      | Reached * piety under Hepliaklqana
  1107 | D:2      | Reached XP level 4. HP: 42/43 MP: 4/4
  1134 | D:2      | Reached skill level 4 in Fighting
  1145 | D:2      | Reached skill level 3 in Throwing
  1584 | D:3      | Reached ** piety under Hepliaklqana
  1585 | D:3      | Remembered your ancestor Shiptu as a hexer
  1655 | D:3      | Reached skill level 4 in Maces & Flails
  1655 | D:3      | Reached XP level 5. HP: 38/49 MP: 5/5
  1932 | D:3      | Reached skill level 5 in Fighting
  2092 | D:3      | Found Toteedax's General Store.
  2484 | D:4      | Reached XP level 6. HP: 48/59 MP: 6/6
  2701 | D:4      | Reached skill level 4 in Throwing
  2834 | D:4      | Noticed Duvessa
  2834 | D:4      | Noticed Dowan
  2878 | D:4      | Killed Duvessa
  2882 | D:4      | Killed Dowan
  2883 | D:4      | Reached skill level 6 in Fighting
  2883 | D:4      | Reached skill level 5 in Maces & Flails
  2883 | D:4      | Reached XP level 7. HP: 67/67 MP: 7/7
  3018 | D:4      | Found a shadowy altar of Dithmenos.
  3018 | D:4      | Found a shimmering blue altar of Sif Muna.
  3143 | D:5      | Entered Level 5 of the Dungeon
  3602 | D:5      | Reached skill level 5 in Throwing
  3650 | D:5      | Reached skill level 7 in Fighting
  3682 | D:5      | Reached XP level 8. HP: 78/78 MP: 8/8
  3808 | D:5      | Reached skill level 6 in Maces & Flails
  3995 | D:5      | Reached *** piety under Hepliaklqana
  4337 | D:6      | Reached skill level 8 in Fighting
  4337 | D:6      | Reached skill level 6 in Throwing
  4613 | D:6      | Reached skill level 3 in Dodging
  4827 | D:6      | Reached XP level 9. HP: 74/87 MP: 9/9
  4992 | D:6      | Found Vinkia Wism's Assorted Antiques.
  5126 | D:6      | Reached skill level 7 in Maces & Flails
  5267 | D:6      | Reached skill level 9 in Fighting
  5271 | D:6      | Reached skill level 4 in Dodging
  5871 | D:7      | Reached skill level 7 in Throwing
  6089 | D:7      | Reached **** piety under Hepliaklqana
  6455 | D:7      | Found a staircase to the Ecumenical Temple.
  6549 | D:7      | Found Nanyinat's Weapon Shop.
  6629 | D:7      | Found a broken altar of Ashenzari.
  7214 | D:8      | Found a glowing golden altar of the Shining One.
  7354 | D:8      | Reached skill level 8 in Maces & Flails
  7474 | D:8      | Reached skill level 5 in Dodging
  7540 | D:8      | Reached skill level 10 in Fighting
  7540 | D:8      | Reached XP level 10. HP: 63/99 MP: 10/10
  8275 | D:7      | Bought a +3 morningstar of protection for 283 gold pieces
  8393 | D:9      | Learned a level 3 spell: Ozocubu's Armour
  8410 | D:9      | Reached skill level 1 in Ice Magic
  8665 | D:9      | Reached skill level 2 in Ice Magic
  8735 | D:9      | Reached ***** piety under Hepliaklqana
  8996 | D:10     | Entered Level 10 of the Dungeon
  9333 | D:10     | Found a staircase to the Orcish Mines.
  9356 | D:10     | Reached skill level 3 in Ice Magic
  9399 | D:10     | Found a staircase to the Lair.
  9405 | D:10     | Reached skill level 4 in Ice Magic
  9413 | D:10     | Reached skill level 5 in Ice Magic
  9703 | D:10     | Noticed a manticore
  9714 | D:10     | Killed a manticore
  9717 | D:10     | Reached skill level 6 in Ice Magic
  9727 | D:10     | Noticed a kobold demonologist
  9735 | D:10     | Killed a kobold demonologist
  9736 | D:10     | Reached skill level 7 in Ice Magic
  9736 | D:10     | Reached XP level 11. HP: 61/106 MP: 11/11
  9747 | D:10     | Found a bloodstained altar of Trog.
 10060 | D:10     | Reached skill level 8 in Ice Magic
 10443 | Lair:1   | Entered Level 1 of the Lair of Beasts
 10549 | Lair:1   | Reached skill level 9 in Maces & Flails
 10636 | Lair:1   | Noticed a death yak
 10649 | Lair:1   | Killed a death yak
 10650 | Lair:1   | Reached skill level 8 in Throwing
 11195 | Lair:1   | Reached skill level 11 in Fighting
 11195 | Lair:1   | Reached skill level 6 in Dodging
 11302 | Lair:1   | Identified the +8 dire flail "Publuxt" {vamp, *Slow rElec
                  | rCorr MP+9}
 11397 | Lair:1   | Noticed a deep troll
 11406 | Lair:1   | Killed a deep troll
 11407 | Lair:1   | Reached skill level 10 in Maces & Flails
 12211 | Lair:2   | Reached XP level 12. HP: 109/117 MP: 8/12
 12291 | Lair:2   | Found a staircase to the Shoals.
 12308 | Lair:2   | Reached skill level 11 in Maces & Flails
 12310 | Lair:2   | Reached skill level 12 in Fighting
 12929 | Lair:3   | Found an ornate altar of the Wu Jian Council.
 13238 | Lair:3   | Reached ****** piety under Hepliaklqana
 13341 | Lair:2   | Reached skill level 12 in Maces & Flails
 14014 | Lair:3   | Noticed a five-headed hydra
 14023 | Lair:3   | Killed a five-headed hydra
 14024 | Lair:3   | Reached skill level 13 in Fighting
 14402 | Lair:3   | Found a staircase to the Snake Pit.
 14550 | Snake:1  | Entered Level 1 of the Snake Pit
 14700 | Lair:4   | Reached skill level 13 in Maces & Flails
 14949 | Lair:4   | Reached XP level 13. HP: 104/130 MP: 13/13
 15243 | Lair:4   | Reached skill level 14 in Fighting
 15894 | Lair:5   | Entered Level 5 of the Lair of Beasts
 15997 | Lair:5   | Reached skill level 14 in Maces & Flails
 16375 | Lair:5   | Found a staircase to the Slime Pits.
 16376 | Lair:5   | Found a viscous altar of Jiyva.
 16626 | Lair:5   | Found an ornate altar of the Wu Jian Council.
 16630 | Lair:5   | Reached skill level 15 in Fighting
 16960 | Lair:5   | Reached skill level 15 in Maces & Flails
 17307 | Lair:5   | Noticed a dire elephant
 17308 | Lair:5   | Noticed a dire elephant
 17875 | Lair:5   | Killed a dire elephant
 17879 | Lair:5   | Killed a dire elephant
 17889 | Lair:5   | Reached XP level 14. HP: 113/143 MP: 14/14
 17909 | Lair:5   | Identified the +7 long sword of False Accusations {freeze,
                  | Str+4 Stlth+}
 17994 | Lair:5   | Noticed a dire elephant
 18019 | Lair:5   | Killed a dire elephant
 18185 | Lair:5   | Reached skill level 16 in Fighting
 18211 | Lair:5   | Reached skill level 16 in Maces & Flails
 18684 | Orc:1    | Entered Level 1 of the Orcish Mines
 18968 | Orc:1    | Reached skill level 1 in Shields
 19218 | Orc:2    | Entered Level 2 of the Orcish Mines
 19409 | Orc:2    | Noticed Donald
 19429 | Orc:2    | Killed Donald
 19625 | Orc:2    | Noticed an orc warlord
 19648 | Orc:1    | Reached skill level 2 in Shields
 19650 | Orc:1    | Reached skill level 9 in Throwing
 19828 | Orc:2    | Identified a +2 robe of resistance
 19895 | Orc:1    | You fall into a shaft and drop 1 floor!
 19906 | Orc:2    | Found a staircase to the Elven Halls.
 20059 | Orc:2    | Killed an orc warlord
 20357 | Orc:2    | Found Foatifri's Magic Scroll Shop.
 20358 | Orc:2    | Found Buntummos's Antique Armour Shop.
 20379 | Orc:2    | Reached skill level 7 in Dodging
 20593 | Orc:2    | Reached skill level 3 in Shields
 20857 | Orc:2    | Reached skill level 17 in Fighting
 21310 | Orc:2    | Found Miobb's Antique Weapon Shoppe.
 21314 | Orc:2    | Reached skill level 4 in Shields
 21386 | Orc:2    | Found Wearhuos's Jewellery Boutique.
 21395 | Orc:2    | Bought an amulet of reflection for 330 gold pieces
 21416 | Orc:2    | Bought a scroll of fear for 40 gold pieces
 21416 | Orc:2    | Bought a scroll of identify for 20 gold pieces
 21416 | Orc:2    | Bought a scroll of identify for 20 gold pieces
 21416 | Orc:2    | Bought a scroll of fog for 40 gold pieces
 21416 | Orc:2    | Bought a scroll of summoning for 95 gold pieces
 21416 | Orc:2    | Bought a scroll of summoning for 95 gold pieces
 21419 | Orc:2    | Identified 2 potions of resistance
 21487 | Orc:2    | Reached XP level 15. HP: 142/156 MP: 15/15
 22149 | D:11     | Reached skill level 10 in Throwing
 22453 | D:11     | Learned a level 3 spell: Frozen Ramparts
 22827 | D:12     | Reached skill level 8 in Dodging
 23311 | D:13     | Found a gate to the Vaults.
 23336 | D:13     | Reached skill level 5 in Shields
 23490 | D:13     | Noticed Frances
 23499 | D:13     | Killed Frances
 24319 | D:14     | Noticed Snorg
 24323 | D:14     | Killed Snorg
 24334 | D:14     | Reached skill level 18 in Fighting
 24910 | D:14     | You fall into a shaft and drop 1 floor!
 24910 | D:15     | Entered Level 15 of the Dungeon
 25091 | D:15     | Reached skill level 6 in Shields
 25197 | D:15     | Found a staircase to the Depths.
 25197 | D:15     | Noticed a frost giant
 25205 | D:15     | Killed a frost giant
 25206 | D:15     | Reached skill level 11 in Throwing
 25496 | D:15     | Found a runed translucent gate.
 25497 | D:15     | Found a runed translucent gate.
 25498 | D:15     | Found a runed translucent gate.
 25500 | D:15     | Noticed Gerimuc's ghost (journeyman SpEn)
 26114 | D:14     | Noticed Jorgrun
 26118 | D:14     | Killed Jorgrun
 27170 | Snake:1  | Reached skill level 1 in Invocations
 27209 | Snake:1  | Reached skill level 2 in Invocations
 27275 | Snake:1  | Reached XP level 16. HP: 67/169 MP: 10/18
 27634 | Snake:1  | Reached skill level 3 in Invocations
 27855 | Snake:1  | Noticed a nagaraja
 27856 | Snake:1  | Reached skill level 4 in Invocations
 27899 | Snake:1  | Killed a nagaraja
 28046 | Snake:1  | Reached skill level 5 in Invocations
 28055 | Snake:1  | Reached skill level 19 in Fighting
 28282 | Snake:1  | Reached skill level 6 in Invocations
 29056 | Snake:1  | Reached skill level 7 in Invocations
 29345 | Snake:1  | Identified a potion of experience
 29346 | Snake:1  | Reached skill level 12 in Throwing
 29346 | Snake:1  | Reached XP level 17. HP: 178/178 MP: 22/22
 29409 | Snake:2  | Reached skill level 13 in Throwing
 30240 | Snake:2  | Reached skill level 14 in Throwing
 31094 | Snake:2  | Noticed Agnes
 31102 | Snake:2  | Killed Agnes
 31247 | Snake:2  | Reached skill level 15 in Throwing
 31412 | Snake:2  | Found Tentargh's Jewellery Shop.
 31412 | Snake:2  | Found Orhiur's Antique Armour Boutique.
 31413 | Snake:2  | Found Qacze's Assorted Antiques.
 31415 | Snake:2  | Found Nivaub's General Store.
 32307 | Snake:2  | HP: 14/178 [black mamba[a naga ritualist] (9)]
 32890 | Snake:3  | Reached skill level 16 in Throwing
 33107 | Snake:3  | Reached XP level 18. HP: 185/187 MP: 23/23
 33652 | Snake:3  | Reached skill level 7 in Shields
 33935 | Snake:3  | Noticed Vashnia
 33959 | Snake:3  | Killed Vashnia
 33959 | Snake:3  | HP: 28/280 [naga sharpshooter/arrow[Vashnia] (13)]
 34345 | Snake:3  | Identified the serpent talisman "Zoably Zene" {+Blink rC-
                  | Int+2}
 34345 | Snake:3  | Noticed Aizul
 34352 | Snake:3  | Killed Aizul
 34370 | Snake:3  | Reached skill level 8 in Shields
 34612 | Snake:3  | Reached skill level 9 in Dodging
 34712 | Snake:3  | Noticed Nikola
 35096 | Snake:3  | Killed Nikola
 35298 | Snake:4  | Entered Level 4 of the Snake Pit
 36219 | Snake:4  | Reached skill level 9 in Shields
 36659 | Snake:4  | HP: 13/187 [naga warrior/+4 hand axe (12)]
 37290 | Snake:4  | Reached skill level 10 in Shields
 37324 | Snake:4  | Reached skill level 10 in Dodging
 38724 | Snake:4  | Reached skill level 1 in Armour
 38725 | Snake:4  | Reached skill level 1 in Stealth
 39703 | Snake:4  | Reached skill level 2 in Armour
 39783 | Snake:4  | Reached skill level 2 in Stealth
 39900 | Snake:4  | Reached XP level 19. HP: 178/195 MP: 24/24
 40085 | Snake:4  | Got a serpentine rune of Zot
 40423 | Shoals:1 | Entered Level 1 of the Shoals
 40669 | Shoals:1 | Reached skill level 3 in Armour
 40930 | Shoals:1 | Noticed Mlioglotl
 40938 | Shoals:1 | Noticed a bone dragon
 41291 | Shoals:1 | Reached skill level 3 in Stealth
 41482 | Shoals:1 | Killed Mlioglotl
 41853 | Shoals:2 | Identified the +4 cloak of Negation {rElec rN+ Str-4}
 42172 | Shoals:2 | Identified the ring "Qepeatud" {rElec rCorr SInv}
 42190 | Shoals:2 | Reached skill level 20 in Fighting
 42227 | Shoals:2 | Reached skill level 4 in Armour
 42331 | Shoals:2 | Reached skill level 11 in Dodging
 42649 | Shoals:4 | Entered Level 4 of the Shoals
 42649 | Shoals:4 | Found a stormy altar of Qazlal.
 42828 | Shoals:3 | Reached skill level 4 in Stealth
 42966 | Shoals:3 | Identified the +5 quarterstaff of Sanan {venom, Will+}
 44298 | Shoals:3 | Reached skill level 5 in Armour
 44824 | Shoals:3 | Reached skill level 5 in Stealth
 44964 | Shoals:4 | Paralysed by an air elemental for 1 turns
 44999 | Shoals:4 | Paralysed by an air elemental for 1 turns
 45252 | Shoals:4 | Reached skill level 6 in Armour
 45738 | Shoals:4 | Reached skill level 1 in Spellcasting
 45789 | Shoals:4 | Paralysed by an air elemental for 1 turns
 46299 | Shoals:4 | Reached skill level 2 in Spellcasting
 46439 | Shoals:4 | Paralysed by an air elemental for 1 turns
 46442 | Shoals:4 | Paralysed by an air elemental for 1 turns
 46447 | Shoals:4 | Paralysed by an air elemental for 1 turns
 46453 | Shoals:4 | Paralysed by an air elemental for 1 turns
 46457 | Shoals:4 | Paralysed by an air elemental for 1 turns
 46778 | Shoals:4 | Paralysed by an air elemental for 1 turns
 47442 | Shoals:4 | Reached skill level 3 in Spellcasting
 47806 | Shoals:4 | Reached XP level 20. HP: 207/207 MP: 25/25
 47979 | Shoals:4 | Paralysed by an air elemental for 1 turns
 48896 | Shoals:4 | Reached skill level 7 in Armour
 48951 | Shoals:4 | Reached skill level 11 in Shields
 49403 | Shoals:4 | Got a barnacled rune of Zot
 49926 | D:1      | Bought 4 stones for 4 gold pieces
 49926 | D:1      | Bought a +0 sling for 18 gold pieces
 49926 | D:1      | Bought 3 silver javelins for 324 gold pieces
 50150 | Vaults:1 | Entered Level 1 of the Vaults
 50499 | Vaults:1 | Found Zizauxt's Antique Armour Shop.
 50595 | Vaults:1 | Found Oketyure's Assorted Antiques.
 50663 | Vaults:1 | Found Ammuesua's Antique Armour Emporium.
 51596 | Vaults:1 | Found a portal to a secret trove of treasure.
 51601 | Vaults:1 | You paid a toll of 5 potions of resistance to enter a
                  | treasure trove
 51602 | Trove    | Entered a treasure trove
 51647 | Trove    | Got Sif Muna's Cyclopedia of the Dimensional Escort
 51660 | Trove    | Got Sif Muna's Quarto of Misfortune and the Singularity
 51666 | Trove    | Got Riuq's Encyclopedia of Amalgamated Fascination
 51675 | Trove    | Learned a level 4 spell: Dimensional Bullseye
 51799 | Vaults:1 | Reached skill level 1 in Hexes
 51876 | Vaults:1 | Reached skill level 1 in Translocations
 51894 | Vaults:1 | Reached skill level 2 in Hexes
 51960 | Vaults:1 | Reached skill level 3 in Hexes
 51960 | Vaults:1 | Reached skill level 2 in Translocations
 51985 | Vaults:1 | Reached skill level 4 in Hexes
 52294 | Vaults:1 | Found Faekhuykh's Weapon Emporium.
 52341 | Vaults:1 | Reached skill level 3 in Translocations
 52378 | Vaults:1 | Reached skill level 5 in Hexes
 52917 | Vaults:1 | Found Uhaw's Distillery.
 52933 | Vaults:1 | Bought a potion of ambrosia for 96 gold pieces
 52933 | Vaults:1 | Bought a potion of might for 48 gold pieces
 52935 | Vaults:1 | Bought a potion of curing for 36 gold pieces
 52935 | Vaults:1 | Bought a potion of curing for 36 gold pieces
 52935 | Vaults:1 | Bought a potion of curing for 36 gold pieces
 53174 | Vaults:1 | Reached skill level 4 in Translocations
 53176 | Vaults:1 | Reached skill level 6 in Hexes
 53317 | Vaults:2 | Found a magical portal.
 53322 | WizLab   | Entered Zonguldrok's Shrine
 53498 | WizLab   | Reached skill level 17 in Throwing
 53519 | WizLab   | Reached skill level 21 in Fighting
 54365 | WizLab   | Noticed an antique champion
 54365 | WizLab   | Noticed an antique champion
 55248 | Vaults:2 | Killed an antique champion
 55434 | Vaults:2 | Reached XP level 21. HP: 188/205 MP: 26/26
 55655 | Vaults:2 | Found a staircase to the Crypt.
 55871 | Vaults:2 | Reached skill level 18 in Throwing
 56858 | Vaults:3 | Reached skill level 22 in Fighting
 57113 | Vaults:3 | Found Fubecwet's Weapon Boutique.
 57122 | Vaults:3 | Bought 4 large rocks for 132 gold pieces
 57585 | Vaults:3 | Reached skill level 19 in Throwing
 58154 | Vaults:3 | Found the +8 pair of quick blades "Gyre" and "Gimble"
                  | {protect}
 58164 | Vaults:3 | Paralysed by a formless jellyfish for 1 turns
 58178 | Vaults:3 | Paralysed by a formless jellyfish for 1 turns
 59375 | Vaults:4 | Reached skill level 20 in Throwing
 59381 | Vaults:4 | Reached skill level 23 in Fighting
 59388 | Vaults:4 | Reached XP level 22. HP: 187/234 MP: 27/27
 60503 | Vaults:4 | Found Adwi's Armour Emporium.
 61476 | Depths:1 | Entered Level 1 of the Depths
 61476 | Depths:1 | Found a gateway to Hell.
 62097 | Depths:1 | Found an opulent altar of Gozag.
 62126 | Depths:1 | Found a one-way gateway to a ziggurat.
 62267 | Depths:1 | Reached skill level 8 in Armour
 62288 | Depths:1 | Reached skill level 17 in Maces & Flails
 63140 | Depths:1 | Reached skill level 18 in Maces & Flails
 63242 | Depths:1 | Reached skill level 9 in Armour
 63571 | Depths:2 | Identified the +0 leather armour of Hairiness {Will++ Dex-3
                  | Stlth+}
 63655 | Depths:2 | Found a one-way gate leading to the halls of Pandemonium.
 63697 | Depths:2 | Reached skill level 10 in Armour
 63923 | Depths:2 | Found an iron altar of Okawaru.
 64437 | Depths:2 | Reached skill level 19 in Maces & Flails
 64585 | Depths:2 | Found a one-way gate to the infinite horrors of the Abyss.
 64932 | Depths:2 | Reached skill level 20 in Maces & Flails
 65165 | Depths:2 | Noticed a juggernaut
 65180 | Depths:2 | Killed a juggernaut
 65181 | Depths:2 | Reached XP level 23. HP: 242/242 MP: 25/28
 66298 | Depths:3 | Reached skill level 21 in Maces & Flails
 67192 | Depths:3 | Found a corrupted altar of Lugonu.
 67364 | Depths:4 | Entered Level 4 of the Depths
 67495 | Depths:4 | Found a transporter.
 67496 | Depths:4 | Noticed a caustic shrike
 67496 | Depths:4 | Noticed Eugor's ghost (legendary DECj)
 67497 | Depths:4 | Noticed a caustic shrike
 67525 | Depths:4 | Found a transporter.
 67525 | Depths:4 | Noticed a dread lich
 68273 | Depths:4 | Reached skill level 22 in Maces & Flails
 68856 | Depths:4 | Found a sacrificial altar of Ru.
 69080 | Depths:4 | Found Buonem's Antique Weapon Shop.
 69586 | Depths:4 | Found a gate to the Realm of Zot.
 70096 | Elf:1    | Entered Level 1 of the Elven Halls
 70516 | Elf:1    | Reached skill level 24 in Fighting
 70520 | Elf:1    | Got the Precepts of Command
 70675 | Elf:1    | Reached skill level 11 in Armour
 71789 | Elf:1    | Paralysed by an air elemental for 1 turns
 71847 | Elf:1    | Reached XP level 24. HP: 254/254 MP: 28/28
 72196 | Elf:1    | Paralysed by an air elemental for 1 turns
 72219 | Elf:1    | Found the +5 Storm Queen's Shield {shock, Fly rElec}
 72582 | Elf:2    | Found a flickering gateway to a bazaar.
 72592 | Bazaar   | Entered a bazaar
 72606 | Bazaar   | Found Siamubb's General Store.
 72627 | Bazaar   | Found Oxkagh's Armour Shoppe.
 72627 | Bazaar   | Found Gah Tumu's Weapon Emporium.
 72648 | Bazaar   | Found Feidi's Book Shoppe.
 72707 | Bazaar   | Bought a scroll of enchant weapon for 97 gold pieces
 72707 | Bazaar   | Bought a potion of heal wounds for 65 gold pieces
 73476 | Elf:2    | Found Coggobeoro's Antique Weapon Boutique.
 73589 | Elf:2    | Reached skill level 25 in Fighting
 73599 | Elf:2    | Found a runed translucent gate.
 73599 | Elf:2    | Found a runed translucent gate.
 73615 | Elf:2    | Found a runed translucent gate.
 74014 | Elf:3    | Entered Level 3 of the Elven Halls
 75324 | Elf:3    | Identified the +1 leather armour "Epiogu" {Harm rPois rCorr
                  | Str-2}
 75601 | Elf:3    | Reached skill level 12 in Armour
 75603 | Elf:3    | Identified the +2 scale mail of Life {rC++ Dex+3 Slay+3}
 75700 | Elf:3    | Identified the +5 whip of Evil {vamp, Str+4 Dex+2}
 75700 | Elf:3    | Identified the ring "Onyfoag" {*Slow Fly Will+ rCorr Str-4}
 75716 | Elf:3    | Identified the amulet of Edecipu {Faith Harm ^Drain
                  | ^Fragile Slay+5}
 76102 | Elf:3    | Identified the ring "Goxzeump" {rElec rC+ Str+3 Slay-5
                  | Stlth+}
 76499 | Elf:3    | Reached skill level 26 in Fighting
 77465 | Elf:3    | Got the Catalogue of the Undead Familiar
 77488 | Elf:3    | Got Nyischen's Information on Anemomancy and Silt
 77489 | Elf:3    | Identified the staff of Rem Wyd {rElec rC+ rN+ Dex+3 Ice}
 77490 | Elf:3    | Identified the staff "Syopuyd" {rElec rPois rCorr Stlth-
                  | Ice Alchemy}
 78200 | Vaults:1 | Bought a scroll of fear for 128 gold pieces
 78200 | Vaults:1 | Bought a potion of mutation for 256 gold pieces
 78417 | Vaults:5 | Entered Level 5 of the Vaults
 79277 | Vaults:5 | Identified the +4 battleaxe "Iguz" {freeze, ^Drain rElec
                  | rN+}
 79307 | Vaults:5 | Identified the +6 shortbow "Roghir" {elec, Str+4}
 79346 | Vaults:5 | Reached skill level 13 in Armour
 79509 | Vaults:5 | Reached skill level 27 in Fighting
 79827 | Vaults:5 | Reached XP level 25. HP: 273/273 MP: 28/28
 80324 | Vaults:5 | Reached skill level 21 in Throwing
 80497 | Vaults:5 | Reached skill level 14 in Armour
 80953 | Vaults:5 | Found Raophub's Magic Scroll Emporium.
 81017 | Vaults:5 | Found Qenwis's Distillery.
 81023 | Vaults:5 | Bought a potion of heal wounds for 85 gold pieces
 81023 | Vaults:5 | Bought a potion of heal wounds for 85 gold pieces
 81023 | Vaults:5 | Bought a potion of curing for 51 gold pieces
 81023 | Vaults:5 | Bought a potion of curing for 51 gold pieces
 81023 | Vaults:5 | Bought a potion of haste for 170 gold pieces
 81023 | Vaults:5 | Bought a potion of resistance for 170 gold pieces
 81023 | Vaults:5 | Bought 2 potions of lignification for 102 gold pieces
 81037 | Vaults:5 | Found Noghyj's Distillery.
 81043 | Vaults:5 | Bought a potion of invisibility for 176 gold pieces
 81043 | Vaults:5 | Bought a potion of curing for 66 gold pieces
 81043 | Vaults:5 | Bought a potion of haste for 220 gold pieces
 81043 | Vaults:5 | Bought a potion of enlightenment for 110 gold pieces
 81043 | Vaults:5 | Bought a potion of resistance for 220 gold pieces
 81043 | Vaults:5 | Bought a potion of invisibility for 176 gold pieces
 81043 | Vaults:5 | Bought a potion of curing for 66 gold pieces
 81043 | Vaults:5 | Bought a potion of lignification for 66 gold pieces
 81043 | Vaults:5 | Bought a potion of enlightenment for 110 gold pieces
 81043 | Vaults:5 | Bought a potion of curing for 66 gold pieces
 81068 | Vaults:5 | Bought a scroll of poison for 60 gold pieces
 81068 | Vaults:5 | Bought a scroll of fog for 60 gold pieces
 81068 | Vaults:5 | Bought a scroll of fog for 60 gold pieces
 81068 | Vaults:5 | Bought a scroll of teleportation for 45 gold pieces
 81068 | Vaults:5 | Bought a scroll of enchant armour for 112 gold pieces
 81068 | Vaults:5 | Bought a scroll of enchant armour for 112 gold pieces
 81068 | Vaults:5 | Bought a scroll of teleportation for 45 gold pieces
 81258 | Vaults:5 | Noticed an ancient lich
 81258 | Vaults:5 | Noticed an ancient lich
 81269 | Vaults:5 | Killed an ancient lich
 81411 | Vaults:5 | Noticed an ancient lich
 81415 | Vaults:5 | Killed an ancient lich
 82139 | Vaults:5 | Reached skill level 15 in Armour
 82243 | Vaults:5 | Identified the +3 crystal plate armour of Cothez {Dex+3}
 82413 | Vaults:5 | Identified the +7 lajatang of Wu Jian's Generosity {freeze,
                  | ^Fragile +Blink rPois Int+2}
 82413 | Vaults:5 | Identified the ring "Uptam" {rC+ Str+4 Int+3 Dex+6}
 82624 | Vaults:5 | Identified the +4 longbow "Zoylanis" {freeze, Stlth+}
 82624 | Vaults:5 | Identified the amulet "Vaafar" {Spirit Dex+6}
 83210 | Vaults:5 | Identified the +5 chain mail "Zoerruox" {Str-2 Int+6
                  | Stlth+}
 83242 | Vaults:5 | Got a silver rune of Zot
 83447 | Vaults:5 | Killed an ancient lich
 83448 | Vaults:5 | Reached skill level 22 in Throwing
 84360 | Zot:1    | Entered Level 1 of the Realm of Zot
 84770 | Snake:2  | Bought the amulet "Zakhappe" {Acrobat rF+ Regen+} for 616
                  | gold pieces
 84793 | Snake:2  | Bought a potion of might for 152 gold pieces
 84799 | Snake:2  | Bought a scroll of revelation for 135 gold pieces
 86189 | Zot:1    | Reached skill level 12 in Shields
 86207 | Zot:1    | Reached skill level 8 in Invocations
 86278 | Zot:1    | Reached skill level 9 in Invocations
 86402 | Zot:1    | Identified the staff "Gurot" {^Drain rPois rF- Int+8 Conj}
 86437 | Zot:1    | Reached skill level 10 in Invocations
 86485 | Zot:1    | Reached skill level 11 in Invocations
 86495 | Zot:1    | Reached skill level 12 in Invocations
 87178 | Zot:1    | Reached XP level 26. HP: 265/282 MP: 32/32
 87232 | Zot:2    | Reached skill level 13 in Invocations
 87527 | Zot:2    | Reached skill level 14 in Invocations
 88018 | Zot:2    | Reached skill level 15 in Invocations
 88204 | Zot:2    | Reached skill level 16 in Invocations
 88361 | Zot:2    | Noticed an electric golem
 88371 | Zot:2    | Killed an electric golem
 88624 | Zot:3    | Reached skill level 17 in Invocations
 88704 | Zot:3    | Noticed an electric golem
 88713 | Zot:3    | Killed an electric golem
 89629 | Zot:3    | Reached skill level 18 in Invocations
 89982 | Zot:3    | Noticed a curse toe
 90157 | Zot:2    | Killed a curse toe
 90666 | Zot:3    | Reached skill level 19 in Invocations
 91004 | Zot:3    | Noticed an electric golem
 91042 | Zot:3    | Killed an electric golem
 91049 | Zot:3    | Found the +4 dragonskin cloak
 91049 | Zot:3    | Noticed Tiamat
 91060 | Zot:3    | Killed Tiamat
 91107 | Zot:3    | Noticed an electric golem
 91124 | Zot:3    | Killed an electric golem
 91295 | Zot:3    | Reached skill level 13 in Shields
 91436 | Zot:3    | Identified the +4 whip "Riaqidwy" {flame, Str+2 Int-5 SInv}
 92755 | Zot:2    | Reached skill level 14 in Shields
 93879 | Zot:4    | Noticed a curse toe
 93887 | Zot:4    | Killed a curse toe
 93888 | Zot:4    | Reached XP level 27. HP: 68/290 MP: 36/36
 94123 | Zot:5    | Entered Level 5 of the Realm of Zot
 95237 | Zot:5    | Reached skill level 15 in Shields
 96056 | Zot:5    | Noticed a dread lich
 96061 | Zot:5    | Killed a dread lich
 96062 | Zot:5    | Reached skill level 6 in Stealth
 96095 | Zot:5    | Noticed a dread lich
 96108 | Zot:5    | Killed a dread lich
 96109 | Zot:5    | Reached skill level 7 in Stealth
 96215 | Zot:5    | Noticed an electric golem
 96224 | Zot:5    | Killed an electric golem
 96226 | Zot:5    | Noticed an orb of fire
 96232 | Zot:5    | Killed an orb of fire
 96233 | Zot:5    | Reached skill level 8 in Stealth
 96276 | Zot:5    | Noticed a dread lich
 96284 | Zot:5    | Killed a dread lich
 96353 | Zot:5    | Noticed an orb of fire
 96359 | Zot:5    | Killed an orb of fire
 96360 | Zot:5    | Reached skill level 9 in Stealth
 97021 | Zot:5    | Reached skill level 10 in Stealth
 97096 | Zot:5    | Noticed a dread lich
 97121 | Zot:5    | Killed a dread lich
 97199 | Zot:5    | Noticed an orb of fire
 97207 | Zot:5    | Killed an orb of fire
 97265 | Zot:5    | Noticed an orb of fire
 97269 | Zot:5    | Killed an orb of fire
 97357 | Zot:5    | Reached skill level 11 in Stealth
 97401 | Zot:5    | Noticed an electric golem
 97411 | Zot:5    | Killed an electric golem
 97528 | Zot:5    | Noticed an orb of fire
 97535 | Zot:5    | Killed an orb of fire
 99600 | Zot:5    | Got the Orb of Zot
 99602 | Zot:5    | Valrug: gogogogogo
 99603 | Zot:5    | Valrug: 290 health holy moly
 99603 | Zot:5    | Valrug: +9 demon whip so stronk
 99603 | Zot:5    | Ruich: yeah i maxed fighting lol
 99603 | Zot:5    | Ruich: +3 aptitude on oni
 99603 | Zot:5    | Valrug: nice
 99603 | Zot:5    | Valrug: throwing 22 i see
 99603 | Zot:5    | Ruich: i trained for a spike club as well but im too
                  | chicken to take off the tower shield
100115 | D:$      | Escaped with the Orb!

Vanquished Creatures
  2 ancient liches (Vaults:5)
  2 dread liches (Zot:5)
  An orb of fire (Zot:5)
  An antique champion (Vaults:2)
  3 Killer Klowns (Zot:5)
  A curse toe (Zot:4)
  Vashnia (Snake:3)
  Nikola (Snake:3)
  4 golden dragons
  16 tentacled monstrosities
  4 electric golems
  Jorgrun (D:14)
  Mlioglotl (Shoals:1)
  8 titans
  2 liches (WizLab)
  17 Orb Guardians (Zot:5)
  2 deep elf master archers (Elf:3)
  2 quicksilver dragons
  A deep elf blademaster (Elf:3)
  8 sphinxes
  7 death cobs
  Donald (Orc:2)
  8 storm dragons
  Agnes (Snake:2)
  Frances (D:13)
  6 shadow dragons
  Aizul (Snake:3)
  5 tengu reavers
  4 draconian monks
  6 nagarajas (Snake:4)
  2 draconian shifters (Zot:1)
  5 draconian knights
  9 fire giants
  4 iron dragons
  14 vault wardens
  5 protean progenitors
  7 frost giants
  5 deep elf sorcerers
  A ghost moth (Zot:3)
  2 draconian scorchers
  6 deep elf elementalists (Elf:3)
  2 orc warlords
  A ghoul (Vaults:2)
  10 ironbound preservers
  7 draconian annihilators
  A formless jellyfish (Vaults:3)
  3 draconian stormcallers
  12 very ugly things
  A spriggan defender (Depths:2)
  4 ironbound thunderhulks
  10 green draconians
  16 stone giants
  3 deep elf demonologists
  3 vampire knights (Depths:4)
  7 black draconians
  8 deep elf death magi
  7 dire elephants
  3 war gargoyles
  5 white draconians
  5 red draconians
  3 deep elf annihilators
  8 yellow draconians
  2 spark wasps (Zot:5)
  12 ettins
  4 purple draconians
  Snorg (D:14)
  6 deep elf high priests
  7 merfolk javelineers
  3 entropy weavers
  8 merfolk impalers
  2 jiangshi
  14 yaktaur captains
  13 ice dragons
  6 fire dragons
  6 great orbs of eyes
  2 peacekeepers
  23 vault guards
  A salamander tyrant (Snake:3)
  3 ogre magi
  2 spriggan air magi
  2 alligators (Zot:5)
  4 hydras
  9 centaur warriors
  2 juggernaut simulacra (WizLab)
  2 merfolk avatars
  11 anacondas
  3 alligator snapping turtles
  11 ironbound frosthearts
  4 merfolk aquamancers
  6 boulder beetles
  A death yak (Lair:1)
  12 dancing weapons
  3 satyrs
  9 two-headed ogres
  20 naga warriors
  5 deep troll shamans
  3 occultists
  2 tengu warriors (D:15)
  A titan zombie (Depths:1)
  2 spriggan berserkers (Depths:3)
  6 deep troll earth magi
  24 naga sharpshooters
  2 hell knights (Depths:2)
  A sun demon (Depths:4)
  11 deep elf knights
  7 shock serpents
  3 fire crabs (Zot:3)
  4 iron trolls
  2 spectral death yaks (Lair:5)
  11 sea snakes
  A sea snake (shapeshifter) (Elf:3)
  2 salamander mystics
  A shadow wraith (Vaults:5)
  5 skysharks
  A golden dragon zombie (WizLab)
  A death drake (shapeshifter) (Vaults:5)
  2 orb spiders (shapeshifter)
  41 deep trolls
  A spectral anaconda (Lair:5)
  5 arcanists
  8 deep elf archers
  7 glowing orange brains
  3 skeletal warriors (WizLab)
  8 naga ritualists
  An obsidian statue (Lair:5)
  9 ironbound convokers
  3 lindwurms
  8 mana vipers
  9 phantasmal warriors
  A lindwurm (shapeshifter) (Vaults:5)
  27 deep elf pyromancers
  A frost giant zombie (Depths:2)
  8 necromancers
  5 orc knights
  A sphinx simulacrum (D:15)
  4 harpies (Vaults:1)
  3 orc sorcerers
  A manticore (shapeshifter) (Vaults:5)
  2 golden dragon skeletons (WizLab)
  22 deep elf zephyrmancers
  23 ugly things
  A cyclops (shapeshifter) (Vaults:5)
  20 moths of wrath
  A stone giant zombie (Vaults:2)
  6 cyclopes
  13 manticores
  5 fauns
  A faun (shapeshifter) (Vaults:5)
  12 salamanders
  8 elephants
  32 black mambas
  9 merfolk sirens
  A frost giant skeleton (Depths:2)
  18 naga magi
  18 vault sentinels
  2 gargoyles
  8 guardian serpents
  A torpor snail (Lair:1)
  8 cane toads
  6 water nymphs
  7 komodo dragons
  3 rime drakes (Lair:1)
  A kobold demonologist (D:10)
  A komodo dragon (shapeshifter) (Elf:1)
  2 tengu conjurers (Depths:1)
  2 freezing wraiths
  29 yaktaurs
  An efreet (D:14)
  A golden dragon simulacrum (WizLab)
  A guardian mummy (Zot:3)
  10 trolls
  8 merfolk
  7 wind drakes
  3 hornets
  A spectral elephant (Lair:5)
  2 ettin zombies
  2 tarantellas (Vaults:2)
  9 blink frogs
  A frost giant simulacrum (Depths:2)
  2 glass eyes (Depths:4)
  7 snapping turtles
  10 dream sheep
  A spriggan skeleton (Depths:1)
  6 slime creatures
  20 water elementals
  3 vampires
  A wind drake (shapeshifter) (Elf:3)
  3 spriggans (Depths:2)
  7 air elementals
  4 shadows (D:11)
  28 yaks
  3 basilisks
  4 wyverns
  2 steam dragons
  5 fire elementals
  3 wargs
  2 death yak simulacra (Lair:5)
  9 redbacks
  6 vampire mosquitoes (D:13)
  A human zombie (Vaults:2)
  44 nagas
  A deep troll zombie (WizLab)
  A spectral cane toad (Lair:5)
  6 hydra simulacra (Depths:2)
  A deep troll skeleton (WizLab)
  5 water moccasins
  A glowing shapeshifter skeleton (Vaults:2)
  A laughing skull (Vaults:2)
  24 orc warriors
  2 black bears
  2 ettin simulacra
  An elephant zombie (Lair:5)
  A sky beast (D:8)
  17 ogres
  5 wolves
  6 centaurs
  A human skeleton (Vaults:2)
  2 phantoms
  2 earth elementals (Elf:1)
  11 bullfrogs
  2 gnoll sergeants
  A human simulacrum (Vaults:2)
  A scorpion (D:6)
  A glowing shapeshifter simulacrum (Depths:2)
  6 wights
  7 hexers
  3 elephant simulacra (Lair:5)
  An electric eel (Lair:3)
  4 howler monkeys
  2 jellies
  A sleepcap (D:8)
  A hound (D:5)
  A gnoll bouda (D:6)
  11 orc priests
  3 iguanas
  10 orc wizards
  18 gnolls
  7 adders
  An ufetubus (D:7)
  2 ribbon worms
  2 dart slugs
  50 orcs
  6 ball pythons
  5 endoplasms
  3 giant cockroaches
  5 goblins
  6 hobgoblins
  7 kobolds
  3 quokkas
  5 frilled lizards
  7 rats
  2 aspiring fleshes
1515 creatures vanquished.

Vanquished Creatures (collateral kills)
  2 dread liches (Zot:5)
  Tiamat (Zot:3)
  An ancient lich (Vaults:5)
  4 orbs of fire (Zot:5)
  A juggernaut (Depths:2)
  A Killer Klown (Zot:5)
  A curse toe (Zot:2)
  5 golden dragons
  2 bone dragons (Zot:3)
  2 electric golems (Zot:5)
  A lich (Depths:4)
  4 tentacled monstrosities
  A quicksilver dragon (Zot:1)
  8 Orb Guardians (Zot:5)
  4 titans (Vaults:5)
  A deep elf blademaster (Elf:3)
  A sphinx (Vaults:3)
  2 ancient champions (WizLab)
  A death cob (Zot:1)
  A storm dragon (Vaults:5)
  2 shadow dragons
  A tengu reaver (Depths:3)
  2 nagarajas
  2 draconian knights (Zot:3)
  3 iron dragons
  2 frost giants (Vaults:5)
  2 draconian monks
  7 vault wardens
  5 protean progenitors
  A balrug (Depths:4)
  2 deep elf elementalists (Elf:3)
  3 draconian shifters
  A deep elf sorcerer (Elf:3)
  2 spriggan defenders (Depths:3)
  3 ghost moths
  3 stone giants
  3 very ugly things (Depths:1)
  11 ironbound preservers
  3 deep elf death magi
  2 ironbound thunderhulks
  3 black draconians (Zot:3)
  A formless jellyfish (Vaults:3)
  2 purple draconians
  5 white draconians
  A deep elf demonologist (Elf:3)
  A war gargoyle (Vaults:5)
  2 deep elf annihilators
  A green draconian (Zot:3)
  A red draconian (Zot:3)
  2 spark wasps (Zot:1)
  6 dire elephants
  5 yellow draconians
  6 ettins
  4 merfolk impalers
  A merfolk javelineer (Shoals:4)
  3 fire dragons
  2 entropy weavers (Vaults:4)
  2 deep elf high priests
  3 yaktaur captains
  2 jiangshi (WizLab)
  An ice dragon (Depths:2)
  2 great orbs of eyes (Vaults:4)
  13 vault guards
  A hydra (Lair:4)
  A spriggan air mage (Depths:3)
  A centaur warrior (Vaults:3)
  A radroach (Zot:5)
  2 ironbound frosthearts
  An alligator snapping turtle (Shoals:4)
  2 merfolk aquamancers (Shoals:4)
  A catoblepas (D:13)
  2 anacondas (Snake:4)
  A boulder beetle (Zot:3)
  6 dancing weapons
  A two-headed ogre (shapeshifter) (Vaults:5)
  2 deep troll earth magi
  7 naga warriors
  2 tengu warriors (Depths:1)
  2 spriggan berserkers (Depths:3)
  3 naga sharpshooters
  4 hell knights
  A shock serpent (Snake:1)
  A titan skeleton (Depths:1)
  A deep elf knight (Elf:3)
  A sun demon (Depths:4)
  A skyshark (shapeshifter) (Vaults:5)
  6 sea snakes
  4 skeletal warriors (WizLab)
  2 iron trolls (Depths:2)
  16 deep trolls
  A sixfirhy (Zot:1)
  A glowing orange brain (shapeshifter) (Depths:4)
  2 arcanists (Vaults:1)
  5 mana vipers
  A shadow demon (D:3)
  A phantasmal warrior (WizLab)
  3 deep elf archers
  6 ironbound convokers
  An orc knight (Vaults:4)
  2 naga ritualists
  2 harpies
  3 deep elf pyromancers (Elf:1)
  6 deep elf zephyrmancers
  2 necromancers (Depths:2)
  A faun (Shoals:1)
  6 manticores
  13 ugly things
  3 salamanders
  A moth of wrath (Zot:4)
  A cyclops (Orc:2)
  4 water nymphs
  2 guardian serpents
  4 merfolk sirens
  2 vault sentinels
  6 elephants
  6 black mambas
  2 naga magi (Snake:4)
  A dire elephant skeleton (Lair:5)
  A torpor snail (Lair:5)
  5 cane toads
  2 yaktaurs
  A rime drake (Lair:1)
  3 komodo dragons
  13 merfolk
  5 wind drakes
  A polar bear (Lair:1)
  3 trolls
  5 blink frogs
  A hornet (Depths:2)
  2 dream sheep (Lair:3)
  4 snapping turtles
  7 slime creatures
  A vampire (WizLab)
  4 air elementals
  A wraith (D:11)
  2 wyverns
  A fire elemental (Depths:2)
  15 water elementals
  9 yaks
  2 basilisks
  A vampire mosquito (D:13)
  4 redbacks
  17 nagas
  2 hydra simulacra (Depths:2)
  A human skeleton (Vaults:2)
  4 water moccasins
  Duvessa (D:4)
  2 hell hounds (Zot:1)
  6 orc warriors
  An ice beast (D:8)
  A black bear (D:7)
  An ettin simulacrum (WizLab)
  5 ogres
  5 wolves
  A centaur (D:7)
  2 scorpions
  A cyclops zombie (WizLab)
  An earth elemental (Elf:1)
  2 wights (D:8)
  Dowan (D:4)
  An elephant simulacrum (Lair:5)
  3 howler monkeys (D:10)
  A bombardier beetle (D:5)
  2 orc priests
  2 hounds (D:4)
  A sleepcap (D:4)
  An iguana (D:7)
  7 orc wizards
  5 gnolls
  4 adders
  A shadow imp (D:6)
  An ufetubus (D:7)
  A dart slug (D:3)
  A ribbon worm (D:2)
  10 orcs
  3 ball pythons
  A bat (D:3)
  2 endoplasms (D:2)
  A training dummy (D:7)
  2 frilled lizards
  A goblin (D:2)
  4 kobolds
  2 rats
  2 aspiring fleshes (Zot:3)
540 creatures vanquished.

Vanquished Creatures (others)
  A golden dragon (Zot:3)
  A naga warrior (Snake:3)
  A black mamba (Snake:2)
  A naga mage (Snake:3)
  An air elemental (Elf:1)
  A naga (Snake:3)
  71 hexers
  An orc (Orc:1)
78 creatures vanquished.

Grand Total: 2133 creatures vanquished

Table legend: (Time is in decaauts)
 A = Elapsed time spent in this place.
 B = Non-inter-level travel time spent in this place.
 C = Inter-level travel time spent in this place.
 D = Time resting spent in this place.
 E = Time spent auto-exploring this place.
 F = Levels seen in this place.
 G = Mean time per level.
                   A        B        C        D        E       F      G
               +--------+--------+--------+--------+--------+-----+--------+
         Total |  99514 |  91725 |   7789 |  38793 |  22145 |  50 | 1990.3 |
       Dungeon |  18045 |  14452 |   3593 |   3100 |   8474 |  15 | 1203.0 |
          Lair |   9370 |   8632 |    738 |   3850 |   3031 |   5 | 1874.0 |
        Shoals |   9324 |   8808 |    516 |   4532 |   1463 |   4 | 2331.0 |
     Snake Pit |  13274 |  12714 |    560 |   6779 |   2634 |   4 | 3318.5 |
  Orcish Mines |   3230 |   3031 |    199 |   1475 |    579 |   2 | 1615.0 |
   Elven Halls |   7510 |   7271 |    239 |   3616 |    468 |   3 | 2503.3 |
        Vaults |  15044 |  14409 |    635 |   5653 |   2343 |   5 | 3008.8 |
        Depths |   8768 |   7882 |    886 |   3114 |    952 |   4 | 2192.0 |
           Zot |  13598 |  13178 |    420 |   6046 |   2201 |   5 | 2719.6 |
        Bazaar |    163 |    163 |      0 |      0 |      0 |   1 |  163.0 |
         Trove |    122 |    122 |      0 |      0 |      0 |   1 |  122.0 |
        Wizlab |   1060 |   1060 |      0 |    625 |      0 |   1 | 1060.0 |
               +--------+--------+--------+--------+--------+-----+--------+

Top non-repeatable levels by time:
   Zot:5: 5337 daAuts
Vaults:5: 5233 daAuts
Shoals:4: 4240 daAuts
 Snake:4: 4060 daAuts
 Snake:2: 4027 daAuts
   Elf:3: 3412 daAuts
   Elf:1: 3024 daAuts
Vaults:1: 2917 daAuts
Depths:4: 2853 daAuts
   Zot:3: 2755 daAuts
 Snake:1: 2692 daAuts
Vaults:2: 2674 daAuts
    D:10: 2513 daAuts
  Lair:5: 2501 daAuts
 Snake:3: 2495 daAuts

Table legend:
 A = Non-vault XP
 B = Vault XP
 C = Vault XP percentage of total XP
 D = Non-vault monster count
 E = Vault monster count
 F = Vault count percentage of total count
                 A         B        C        D         E       F
            +---------+---------+-------+---------+---------+-------
      Total |  759234 |  588698 |  43.7 |    1406 |     638 |  31.2
            +---------+---------+-------+---------+---------+-------
        D:1 |      48 |       0 |   0.0 |      21 |       0 |   0.0
        D:2 |      68 |       0 |   0.0 |      25 |       0 |   0.0
        D:3 |     181 |       0 |   0.0 |      24 |       0 |   0.0
        D:4 |     239 |     209 |  46.7 |      15 |       2 |  11.8
        D:5 |     893 |       0 |   0.0 |      25 |       0 |   0.0
        D:6 |    1047 |     277 |  20.9 |      23 |       4 |  14.8
        D:7 |     627 |       2 |   0.3 |      13 |       1 |   7.1
        D:8 |    1519 |       0 |   0.0 |      22 |       0 |   0.0
        D:9 |     998 |       0 |   0.0 |      12 |       0 |   0.0
       D:10 |    2476 |    1989 |  44.5 |      16 |       8 |  33.3
       D:11 |    3507 |       0 |   0.0 |      19 |       0 |   0.0
       D:12 |    2190 |       0 |   0.0 |       9 |       0 |   0.0
       D:13 |    6236 |    3030 |  32.7 |      18 |       4 |  18.2
       D:14 |    6425 |    2815 |  30.5 |      15 |       2 |  11.8
       D:15 |    5495 |    2824 |  33.9 |       8 |       3 |  27.3
     Lair:1 |    6136 |     733 |  10.7 |      19 |       1 |   5.0
     Lair:2 |    2635 |    2292 |  46.5 |      15 |       7 |  31.8
     Lair:3 |    6597 |     489 |   6.9 |      27 |       3 |  10.0
     Lair:4 |    8266 |       0 |   0.0 |      28 |       0 |   0.0
     Lair:5 |   11524 |   12995 |  53.0 |      38 |      28 |  42.4
   Shoals:1 |   13305 |    1816 |  12.0 |      26 |       1 |   3.7
   Shoals:2 |   11081 |       0 |   0.0 |      24 |       0 |   0.0
   Shoals:3 |   14786 |    8319 |  36.0 |      31 |      13 |  29.5
   Shoals:4 |   11608 |   26581 |  69.6 |      27 |      54 |  66.7
    Snake:1 |   26420 |       0 |   0.0 |      50 |       0 |   0.0
    Snake:2 |   25367 |    9781 |  27.8 |      49 |      21 |  30.0
    Snake:3 |   20106 |   10508 |  34.3 |      39 |       9 |  18.8
    Snake:4 |   23357 |   28672 |  55.1 |      49 |      39 |  44.3
      Orc:1 |    5124 |    2069 |  28.8 |      51 |       4 |   7.3
      Orc:2 |    4204 |   14109 |  77.0 |      28 |      34 |  54.8
      Elf:1 |   23032 |   17566 |  43.3 |      39 |      32 |  45.1
      Elf:2 |   17727 |    1662 |   8.6 |      25 |       2 |   7.4
      Elf:3 |   12138 |   36141 |  74.9 |      19 |      31 |  62.0
   Vaults:1 |   33357 |   15929 |  32.3 |      48 |      20 |  29.4
   Vaults:2 |   27310 |   19390 |  41.5 |      41 |      27 |  39.7
   Vaults:3 |   28463 |   23841 |  45.6 |      37 |      26 |  41.3
   Vaults:4 |   19646 |   22739 |  53.6 |      26 |      30 |  53.6
   Vaults:5 |   28240 |  133566 |  82.5 |      40 |     112 |  73.7
   Depths:1 |   42174 |       0 |   0.0 |      59 |       0 |   0.0
   Depths:2 |   34609 |   14501 |  29.5 |      52 |      25 |  32.5
   Depths:3 |   34799 |    4737 |  12.0 |      36 |       3 |   7.7
   Depths:4 |   28010 |   14485 |  34.1 |      30 |      14 |  31.8
      Zot:1 |   40229 |    1472 |   3.5 |      33 |       1 |   2.9
      Zot:2 |   40618 |    2650 |   6.1 |      33 |       1 |   2.9
      Zot:3 |   51370 |   38733 |  43.0 |      46 |      29 |  38.7
      Zot:4 |   17014 |    3160 |  15.7 |      13 |       2 |  13.3
      Zot:5 |   40695 |  102110 |  71.5 |      33 |      40 |  54.8
     WizLab |   17338 |    6506 |  27.3 |      30 |       5 |  14.3
            +---------+---------+-------+---------+---------+-------
